 Dungeon Sprint DCSS version 0.18.1-8-gdd0e5ea (webtiles) character file.

2082 Groucho the Transmogrifier (level 9, -2/66 HPs)
             Began as an Octopode Transmuter on May 22, 2016.
             Was the Champion of Makhleb.
             Slain by a phantasmal warrior (23 damage)
             ... in the Dungeon (Sprint VII: "The Pits").
             The game lasted 00:10:10 (2948 turns).

Groucho the Transmogrifier (Octopode Transmuter)    Turns: 2948, Time: 00:10:10

Health: -2/66      AC:  2    Str: 15    XL:     9   Next: 27%
Magic:  18/20      EV: 27    Int: 18    God:    Makhleb [******]
Gold:   0          SH:  0    Dex: 18    Spells: 4 memorised, 10 levels left

rFire  . . .     SeeInvis .       - Unarmed
rCold  . . .     Gourm    .     (shield currently unavailable)
rNeg   . . .     Faith    .     (helmet currently unavailable)
rPois  x         Spirit   .     (no amulet)
rElec  .         Dismiss  .     s - +3 ring of strength
rCorr  .         Reflect  .     r - +3 ring of intelligence
SustAt .         Harm     .     (no ring)
MR     .....     NoTele   +     (no ring)
Stlth  +++++.....               (no ring)
                                (no ring)
                                (no ring)
                                (no ring)

@: spider-form, vulnerable, not resistant to hostile enchantments, quite
stealthy
A: almost no armour, (amphibious), 8 rings, (constrict 8), (camouflage 0),
(gelatinous body 0)
a: End Transformation, Minor Destruction, Lesser Servant of Makhleb, Major
Destruction, Greater Servant of Makhleb, Renounce Religion


You were in the Dungeon.
You worshipped Makhleb.
Makhleb was exalted by your worship.
You were not hungry.
You were a venomous arachnid creature.
You visited 1 branch

Inventory:

Missiles
 a - 32 arrows
 p - 12 stones (quivered)
Jewellery
 r - a +3 ring of intelligence (right front leg)
 s - a +3 ring of strength (left front leg)
Wands
 q - a wand of polymorph (11/24)
Scrolls
 i - a scroll of blinking
 m - 3 scrolls of remove curse
 n - 5 scrolls of amnesia
 o - a scroll of summoning
Potions
 d - 5 potions of curing
 e - 7 potions of heal wounds
 f - 2 potions of haste
 g - 4 potions of magic
 h - 3 potions of berserk rage
 l - 2 potions of invisibility
 t - 2 potions of brilliance
 u - a potion of agility
Books
 b - a book of Changes

   Spells                             Type                      Level
   a - Beastly Appendage              Transmutation                1
   b - Sticks to Snakes               Transmutation                2
   c - Spider Form                    Transmutation/Poison         3
   d - Ice Form                       Ice/Transmutation            4
   e - Blade Hands                    Transmutation                5
Comestibles
 c - 7 bread rations
 j - 39 fruits
 k - 6 meat rations


   Skills:
 * Level 8.0 Fighting
 * Level 8.1 Dodging
 + Level 8.2 Stealth
 * Level 8.4 Unarmed Combat
 * Level 7.6 Spellcasting
 * Level 8.4 Transmutations
 + Level 4.8 Ice Magic
 + Level 5.7 Poison Magic
 + Level 5.7 Invocations


You had 10 spell levels left.
You knew the following spells:

 Your Spells              Type           Power        Failure   Level  Hunger
a - Beastly Appendage     Trmt           #####.       3%          1    None
b - Spider Form           Trmt/Pois      ####......   8%          3    #......
c - Ice Form              Ice/Trmt       ####....     21%         4    ###....
d - Blade Hands           Trmt           #####.....   28%         5    #####..


Dungeon Overview and Level Annotations

Branches:
Dungeon (1/1)

Altars:
Ashenzari
Cheibriados
Dithmenos
Elyvilon
Fedhas
Kikubaaqudgha
Makhleb
Nemelex Xobeh
Okawaru
Pakellas
Ru
Sif Muna
Trog
Vehumet
Xom
Yredelemnul
Zin
The Shining One
Beogh
Jiyva
Lugonu


Innate Abilities, Weirdness & Mutations

You cannot wear most types of armour.
((You are amphibious.))
You can wear up to eight rings at the same time.
((You can use your tentacles to constrict eight enemies at once.))
((Your skin changes colour to match your surroundings (Stealth).))
((Your rubbery body absorbs attacks (AC +1).))


Message History

Confirm with . or Enter, or press ? or * to list all spells.
You turn into a venomous arachnid creature.
The phantasmal warrior misses you. The phantasmal warrior hits you!!
Your magical defenses are stripped away!
You hit the phantasmal warrior.
The phantasmal warrior is lightly damaged.
You bite the phantasmal warrior!
The phantasmal warrior is moderately damaged.
The phantasmal warrior barely misses you.
You hit the phantasmal warrior but do no damage.
The phantasmal warrior is moderately damaged.
The phantasmal warrior hits you!!
* * * LOW HITPOINT WARNING * * *
You hit the phantasmal warrior.
The phantasmal warrior is moderately damaged.
The phantasmal warrior barely misses you.
Drink which item? (? for menu, Esc to quit)
You feel much better. The phantasmal warrior hits you!!
You die...

..##.............)..#
?|##......#..#......#
####.............†..+
...'................+
####......#..#......#
[[##.......)........#
))#####'#####''######
))##.......##''############
))##.......##...sW.'..'...#
..##.......##....÷.'..'(...
'###...<...##.....##..##(..
..##.......##...### ...#
..##.......##..## ....W
####.......##++# .W#...# ..
##########........o....+
.############++#...#..#...#
.#....#..[[# #(...... ##


You could see a phantasmal warrior.

Vanquished Creatures
  A komodo dragon (D)
  A bog body (D)
  Grinder (D)
  A redback (D)
  A shadow (D)
  A warg (D)
  A water moccasin (D)
  A wasp (D)
  A black bear (D)
  An orc warrior (D)
  3 wolves (D)
  An ogre (D)
  A centaur (D)
  A big kobold (D)
  An orc priest (D)
  2 hounds (D)
  2 iguanas (D)
  An orc wizard (D)
  3 giant geckos (D)
  3 orcs (D)
  A bat skeleton (D)
  2 giant cockroaches (D)
  2 goblins (D)
  A kobold (D)
  2 bats (D)
  A giant cockroach zombie (D)
  A rat (D)
38 creatures vanquished.

Notes
Turn   | Place    | Note
--------------------------------------------------------------
     0 | D        | Groucho the Octopode Transmuter began the quest for the Orb.
     0 | D        | Reached XP level 1. HP: 13/13 MP: 3/3
    41 | D        | Found a sacrificial altar of Ru.
    41 | D        | Found a basalt altar of Yredelemnul.
    41 | D        | Found a shadowy altar of Dithmenos.
    41 | D        | Found a deep blue altar of Sif Muna.
    41 | D        | Found a burning altar of Makhleb.
    41 | D        | Found a shimmering altar of Xom.
    41 | D        | Found an ancient bone altar of Kikubaaqudgha.
    41 | D        | Found a sparkling altar of Nemelex Xobeh.
    42 | D        | Found a glowing golden altar of the Shining One.
    42 | D        | Found a bloodstained altar of Trog.
    42 | D        | Found a shattered altar of Ashenzari.
    42 | D        | Found a white marble altar of Elyvilon.
    42 | D        | Found a snail-covered altar of Cheibriados.
    42 | D        | Found a blossoming altar of Fedhas.
    42 | D        | Found a radiant altar of Vehumet.
    42 | D        | Found a glowing silver altar of Zin.
    42 | D        | Found a corrupted altar of Lugonu.
    42 | D        | Found a viscous altar of Jiyva.
    42 | D        | Found a roughly hewn altar of Beogh.
    42 | D        | Found an iron altar of Okawaru.
    43 | D        | Found an oddly glowing altar of Pakellas.
    48 | D        | Became a worshipper of Makhleb the Destroyer
    67 | D        | Reached * piety under Makhleb
    67 | D        | Reached skill level 1 in Stealth
   325 | D        | Reached XP level 2. HP: 17/18 MP: 2/5
   354 | D        | Reached ** piety under Makhleb
   358 | D        | Reached skill level 1 in Invocations
   704 | D        | Noticed a big kobold
   704 | D        | Noticed an ogre
   716 | D        | Reached *** piety under Makhleb
   738 | D        | Reached XP level 3. HP: 16/25 MP: 4/7
   751 | D        | Killed a big kobold
   751 | D        | Reached XP level 4. HP: 15/31 MP: 6/10
  1009 | D        | Learned a level 3 spell: Spider Form
  1014 | D        | Learned a level 4 spell: Ice Form
  1042 | D        | Reached **** piety under Makhleb
  1085 | D        | Killed an ogre
  1085 | D        | Reached skill level 5 in Unarmed Combat
  1085 | D        | Reached skill level 5 in Transmutations
  1085 | D        | Reached skill level 1 in Ice Magic
  1085 | D        | Reached skill level 1 in Poison Magic
  1085 | D        | Reached XP level 5. HP: 32/37 MP: 8/12
  1131 | D        | Learned a level 5 spell: Blade Hands
  1279 | D        | Reached ***** piety under Makhleb
  1282 | D        | Noticed a shadow
  1292 | D        | Killed a shadow
  1292 | D        | Reached skill level 5 in Fighting
  1292 | D        | Reached skill level 5 in Dodging
  1292 | D        | Reached skill level 5 in Stealth
  1292 | D        | Reached skill level 5 in Spellcasting
  1292 | D        | Reached XP level 6. HP: 35/45 MP: 8/14
  1428 | D        | Noticed a warg
  1428 | D        | Noticed Grinder
  1440 | D        | Killed Grinder
  1440 | D        | Reached XP level 7. HP: 41/51 MP: 12/16
  1447 | D        | Killed a warg
  1677 | D        | Noticed a bog body
  1678 | D        | Noticed a redback
  1691 | D        | Killed a redback
  1691 | D        | Reached ****** piety under Makhleb
  1691 | D        | Reached XP level 8. HP: 57/58 MP: 11/17
  1700 | D        | Killed a bog body
  1700 | D        | Reached skill level 5 in Invocations
  2117 | D        | Noticed a komodo dragon
  2141 | D        | HP: 1/60 [komodo dragon (23)]
  2144 | D        | Killed a komodo dragon
  2144 | D        | Reached skill level 5 in Poison Magic
  2490 | D        | Reached XP level 9. HP: 40/64 MP: 13/20
  2595 | D        | Noticed an orc knight
  2632 | D        | Noticed a phantasmal warrior
  2946 | D        | HP: 1/66 [phantasmal warrior (29)]
  2948 | D        | Slain by a phantasmal warrior

Skill      XL: |  1  2  3  4  5  6  7  8  9 |
---------------+----------------------------+-----
Stealth        | 1 2 3 4 5 6 7 8 |  8.2
Transmutations | 3 4 5 6 7 8 |  8.4
Invocations    | 1 2 3 4 5 |  5.7
Fighting       | 2 3 4 5 6 7 8 |  8.0
Dodging        | 3 4 5 6 7 8 |  8.1
Spellcasting   | 3 4 5 6 7 |  7.6
Unarmed Combat | 4 5 6 7 8 |  8.4
Ice Magic      | 1 2 3 4 |  4.8
Poison Magic   | 1 2 3 4 5 |  5.7

Action                   |  1- 3 |  4- 6 |  7- 9 || total
-------------------------+-------+-------+-------++-------
Melee: Unarmed           |    49 |    34 |    86 ||   169
       Constrict         |     8 |     1 |     2 ||    11
       Kick              |     8 |       |       ||     8
       Tentacles         |    10 |     1 |       ||    11
       Punch             |     1 |       |     1 ||     2
Throw: Stone             |     3 |     1 |     5 ||     9
 Cast: Beastly Appendage |     4 |     1 |       ||     5
       Spider Form       |       |     3 |     8 ||    11
       Blade Hands       |       |     1 |       ||     1
       Ice Form          |       |       |     2 ||     2
 Abil: End Transformatio |       |       |     3 ||     3
  Use: Potion            |     1 |     2 |     4 ||     7
 Stab: Sleeping          |     2 |     1 |     1 ||     4
  Eat: Fruit             |       |     1 |       ||     1
       Meat ration       |       |     1 |       ||     1
       Bread ration      |       |     1 |       ||     1
Armor: Skin              |       |     1 |     9 ||    10
Dodge: Dodged            |    26 |    22 |   100 ||   148
